cohdb
Replays
Latest Replays
All Replays
Popular Replays
Top Player Replays
Match Explorer
How It Works
Community
CoH3 Stats
Reddit
Sign in to upload your games and track your stats! →
Sign in with Steam
Match 45220220
Unlisted
Match 45220220
Overview
Messages
Build Orders
End
Construct Infanterie Kompanie
Grenadier Squad
Selects Breakthrough Battlegroup
Selects Assault Grenadiers
Grenadier Squad
GrW 34 Mortar Team
Infanterie Officer Quarters
MG 42 Machine Gun Team
Medical Station
Construct Panzergrenadier Kompanie
Panzergrenadier Squad
Selects 2.5-tonne Cargo Truck
Selects Breakthrough
Breakthrough
2.5-tonne Cargo Truck
Construct Panzer Kompanie
Breakthrough
Pioneer Squad
Stoßtruppen Squad
Stoßtruppen Squad
Selects Incendiary Bombing Run
Selects Blitzkrieg
Incendiary Bombing Run
Panzer Officer Quarters
Incendiary Bombing Run
Breakthrough
Incendiary Bombing Run
Sturmpanzer IV Brummbär
Medical Bunker
Incendiary Bombing Run
Blitzkrieg
Selects Tiger Heavy Tank
Tiger Heavy Tank
Incendiary Bombing Run
Pioneer Squad
Blitzkrieg
Incendiary Bombing Run
Medic#2
Dvash
KoVAC
BassAngler5000
GruZ
Zero Ambition
0
0
Comments
sign in to comment!
No comments posted yet!